AoeStats
← TheQuietRiot

Nomad

503256637Analyzed
1v1 RM · 1mo ago on Aug 30, 2026· 27m 21s· 2 players
Game mode
Random Map
Map size
126×126
Population
200
Speed
Normal
Resources
Standard
Victory
Conquest
Starting age
Dark Age
Ending age
Imperial Age
RankedLock teamsTeams togetherTeam positionsShared explorationLock speedFull tech treeHidden civsTurbo modeCheats
Victory
Defeat
🇺🇸 Persians · United States
902
+16
🇬🇧 Britons · United Kingdom
899
-16
TheQuietRiot
3:49 Loom
17:44 Feudal Age
17:58 Man-at-Arms
24:25 Castle Age
23:10 Stone Mining
23:08 Double-Bit Axe
SAURON
4:29 Loom
13:20 Feudal Age
13:43 Town Watch
15:01 Double-Bit Axe
20:30 Castle Age
18:22 Fishing Lines
19:20 Gold Mining
20:41 Stone Mining
21:18 Bow Saw
21:02 Man-at-Arms
21:29 Gambesons
23:41 Wheelbarrow
24:21 Fletching
24:32 Gillnets
26:48 Hand Cart
26:36 Husbandry
Connection lost

Rejoining the realm…

Still unreachable

The connection could not be restored.

Session expired

The server has moved on; the page needs a fresh start.